 Dungeon Crawl Stone Soup version 0.28-a0-851-g8b9cc49659 (webtiles) character file.

Game seed: 5119438499801706193

15789 jasper the Martial Artist (level 11, -9/95 HPs)
             Began as a Demigod Brigand on Nov 14, 2021.
             Killed by the air
             ... invoked by Gastronok
              (24 damage)
             ... on level 1 of the Lair of Beasts.
             The game lasted 00:37:53 (16515 turns).

jasper the Martial Artist (Demigod Brigand)        Turns: 16515, Time: 00:37:54

Health: -9/95      AC: 18    Str: 12    XL:     11   Next: 73%
Magic:  14/14      EV: 23    Int: 13    God:
Gold:   572        SH:  7    Dex: 27    Spells: 10/10 levels left

rFire   + . .      SeeInvis .     - Unarmed
rCold   + + .      Faith    .   o - +0 buckler
rNeg    . . .      Spirit   .   E - +3 acid dragon scales
rPois   .          Reflect  .   q - +2 helmet
rElec   .          Harm     .   c - +0 cloak
rCorr   +          Rampage  .   (no gloves)
Will    +....                   k - +2 pair of boots
Stlth   ++........              J - amulet of the acrobat
HPRegen 0.25/turn               e - ring of protection from fire
MPRegen 0.14/turn               I - ring "Nyse" {rC++ EV+4 Stlth-}

@: attractive, hasted and slowed
A: high mp 1, forlorn
a: no special abilities


You were on level 1 of the Lair of Beasts.
You visited 2 branches of the dungeon, and saw 13 of its levels.
You also visited: Sewer.

You collected 642 gold pieces.
You spent 70 gold pieces at shops.

Inventory:

Hand Weapons
 a - a +4 dagger
Missiles
 d - 13 poisoned darts (quivered)
 g - 11 boomerangs
 G - 4 throwing nets
 K - 3 curare-tipped darts
Armour
 b - a +0 robe
 c - a +0 cloak (worn)
 i - a +1 helmet
 j - a +0 scale mail
 k - a +2 pair of boots (worn)
 o - a +0 buckler (worn)
 q - a +2 helmet (worn)
 E - +3 acid dragon scales (worn)
 H - a +3 chain mail
Jewellery
 e - a ring of protection from fire (left hand)
 t - a ring of positive energy
 C - a ring of magical power
 F - a +4 ring of evasion
 I - the ring "Nyse" (right hand) {rC++ EV+4 Stlth-}
   (You found it on level 9 of the Dungeon)

   [ring of evasion]

   EV:        It affects your evasion (+4).
   rC:        It greatly protects you from cold.
   Stlth:     It makes you less stealthy.
 J - an amulet of the acrobat (around neck)
Wands
 f - a wand of flame (23)
 B - a wand of polymorph (7)
 L - a wand of paralysis (10)
Scrolls
 m - 2 scrolls of blinking
 n - 2 scrolls of magic mapping
 r - 3 scrolls of teleportation
 y - a scroll of holy word
Potions
 l - 4 potions of cancellation
 p - 4 potions of mutation
 s - 3 potions of brilliance
 u - 2 potions of invisibility
 v - a potion of magic
 w - a potion of resistance
 x - 2 potions of haste
 z - a potion of ambrosia
 A - 5 potions of curing
 D - a potion of attraction


   Skills:
 + Level 8.4 Fighting
 - Level 1.7 Short Blades
 - Level 1.7 Throwing
 + Level 6.6 Armour
 + Level 8.3 Dodging
 - Level 3.6 Stealth
 - Level 4.0 Shields
 * Level 11.5 Unarmed Combat


You had 10 spell levels left.
You didn't know any spells.
Your spell library contained the following spells:

 Spells                   Type           Power      Damage    Failure   Level
 Magic Dart               Conj           0%         1d3       41%         1
 Sting                    Tmut/Pois      0%         1d3       41%         1
 Poisonous Vapours        Pois/Air       0%         N/A       54%         2
 Sublimation of Blood     Necr           0%         N/A       54%         2
 Mephitic Cloud           Conj/Pois/Air  0%         N/A       78%         3
 Ozocubu's Armour         Ice            0%         N/A       78%         3
 Tukima's Dance           Hex            0%         N/A       78%         3
 Animate Dead             Necr           0%         N/A       99%         4
 Olgreb's Toxic Radiance  Pois           0%         N/A       99%         4
 Passage of Golubria      Tloc           0%         N/A       99%         4
 Petrify                  Tmut/Erth      0%         N/A       99%         4
 Sticky Flame             Conj/Fire      0%         2d3       99%         4
 Agony                    Necr           0%         N/A       100%        5
 Alistair's Intoxication  Tmut/Pois      0%         N/A       100%        5
 Borgnjor's Vile Clutch   Necr/Erth      0%         N/A       100%        5
 Irradiate                Conj/Tmut      0%         3d13      100%        5
 Yara's Violent Unravell  Hex/Tmut       0%         3d3       100%        5
 Death Channel            Necr           0%         N/A       100%        6
 Eringya's Noxious Bog    Tmut/Pois      0%         N/A       100%        6
 Ozocubu's Refrigeration  Ice            0%         4d5       100%        7


Dungeon Overview and Level Annotations

Branches:
Dungeon (12/15)            Temple (0/1) D:5            Lair (1/6) D:10
    Orc (0/2) D:11          Sewer (visited)

Shops:
D:3 (:(:*

Annotations:
Lair:1 Gastronok


Innate Abilities, Weirdness & Mutations

Your attributes grow dramatically as you level up.
You have an increased reservoir of magic. (+10% MP)
You shall have no god before yourself.


Message History

You punch Gastronok!
Gastronok is severely wounded.
You block the quokka's attack. The rat barely misses you.
You hit Gastronok.
Gastronok is severely wounded.
The quokka completely misses you.
Gastronok mumbles some strange words.
Gastronok puts on a burst of speed!
You punch Gastronok!
Gastronok is severely wounded.
The quokka completely misses you.
You hit Gastronok but do no damage.
Gastronok is severely wounded.
The rat misses you.
You hit Gastronok but do no damage.
Gastronok is severely wounded.
You flicker back into view.
Gastronok looks at you and mumbles some strange words.
You feel as though you will be slow longer.
You punch Gastronok!
Gastronok is severely wounded.
The quokka closely misses you. The rat barely misses you.
You punch Gastronok!
Gastronok is almost dead.
The quokka bites you but does no damage.
You hit Gastronok.
Gastronok is almost dead.
You block the rat's attack. Gastronok bites you!!
* * * LOW HITPOINT WARNING * * *
You take 28 damage, and have 15/95 hp.
MASSIVE DAMAGE!!
Okay, then.
You punch Gastronok!
Gastronok is almost dead.
You block the quokka's attack. The rat completely misses you.
You punch Gastronok!
Gastronok is almost dead.
The quokka closely misses you. The rat misses you.
Gastronok waves his eye-stalks in wide circles.
The air twists around and strikes you!!
You die...

#P#.#<####.....# . ........
####.†...#.....#.. ........
#..#..#.......##+# ..
.###... ##.#.............
... #...
#....#.....###.##... #...
#..#..#.....#......# #...
##....#.....#......# #...
#.#..+.....#......#.P #...
#....#.....†@r....+.# #...
#..###.....#wr....#.##
###...
..........†(.....#..###.#...
.........#......#..........
.........#......#..........
.......†.#(.....#..###+##..
.........'(.....#..#.....#.
...........#.#.#.).#.....#.
#.##.....................#.


You could see Gastronok (swift), a quokka (summoned) and a rat (summoned).

Vanquished Creatures
  Harold (D:9)
  A two-headed ogre (D:11)
  Erica (D:11)
  Joseph (Lair:1)
  2 gargoyles (D:11)
  3 cane toads (Lair:1)
  3 komodo dragons (Lair:1)
  5 trolls
  Prince Ribbit (D:9)
  A polar bear (Lair:1)
  8 blink frogs (Lair:1)
  A shadow (D:11)
  A basilisk (D:10)
  2 wyverns (D:10)
  11 yaks
  2 fire bats (Lair:1)
  A wraith (D:11)
  2 vampire mosquitoes (D:11)
  A steam dragon (D:6)
  5 water moccasins (Lair:1)
  A black bear (D:10)
  5 orc warriors
  A sky beast (D:6)
  7 centaurs
  3 wolves (Lair:1)
  A tengu (D:8)
  A phantom (D:5)
  2 kobold brigands (D:9)
  5 bullfrogs (Lair:1)
  2 gnoll sergeants
  2 scorpions
  A water moccasin zombie (D:6)
  2 wyvern skeletons (D:7)
  17 killer bees
  4 wights (D:6)
  An electric eel (D:7)
  2 howler monkeys
  4 centaur zombies
  A bullfrog zombie (D:6)
  5 hounds
  2 jellies
  A gnoll shaman (D:6)
  4 orc priests
  Ijyb (D:3)
  2 iguanas
  7 orc wizards
  A hound skeleton (D:4)
  Robin (D:2)
  2 howler monkey zombies
  19 gnolls
  A river rat (Sewer)
  7 adders
  A white imp (D:8)
  A dart slug (D:3)
  32 orcs
  8 endoplasms
  5 giant cockroaches (D:3)
  14 goblins
  6 hobgoblins
  4 jackals (D:2)
  14 kobolds
  4 quokkas
  13 ball pythons
  11 bats
  9 frilled lizards
  9 rats
299 creatures vanquished.

Vanquished Creatures (collateral kills)
  2 slime creatures (D:12)
2 creatures vanquished.

Vanquished Creatures (others)
  2 fungi
  4 plants
6 creatures vanquished.

Grand Total: 307 creatures vanquished

Notes
Turn   | Place    | Note
-------+----------+-------------------------------------------
     0 | D:1      | jasper the Demigod Brigand began the quest for the Orb.
     0 | D:1      | Reached XP level 1. HP: 17/17 MP: 3/3
    27 | D:1      | Reached skill level 1 in Dodging
   454 | D:1      | Reached XP level 2. HP: 24/24 MP: 4/4
   660 | D:1      | Reached skill level 1 in Unarmed Combat
  1157 | D:2      | Reached XP level 3. HP: 23/29 MP: 5/5
  1411 | D:2      | Noticed Robin
  1459 | D:2      | Killed Robin
  2039 | D:2      | Reached XP level 4. HP: 29/37 MP: 6/6
  2343 | D:3      | Found Suni's Weapon Emporium.
  2350 | D:3      | Found Jurghah's Book Shop.
  2356 | D:3      | Found Buicyude's Antique Weapon Shoppe.
  2547 | D:3      | Found Focrymat's Book Boutique.
  2560 | D:3      | Noticed Ijyb
  2568 | D:3      | Reached skill level 1 in Armour
  2571 | D:3      | Killed Ijyb
  2572 | D:3      | Reached skill level 2 in Unarmed Combat
  2878 | D:3      | Found a glowing drain.
  2908 | Sewer    | Entered a sewer
  2953 | Sewer    | Reached XP level 5. HP: 44/44 MP: 7/7
  3511 | D:3      | Found Jowes's General Store.
  3520 | D:3      | Bought a potion of heal wounds for 70 gold pieces
  4018 | D:4      | Reached skill level 3 in Unarmed Combat
  4191 | D:4      | Reached XP level 6. HP: 51/51 MP: 8/8
  5093 | D:5      | Entered Level 5 of the Dungeon
  5222 | D:5      | Found a staircase to the Ecumenical Temple.
  5322 | D:5      | Reached skill level 4 in Unarmed Combat
  5377 | D:5      | Reached XP level 7. HP: 53/58 MP: 9/9
  6191 | D:6      | Reached skill level 5 in Unarmed Combat
  6208 | D:6      | Reached XP level 8. HP: 54/67 MP: 10/10
  6828 | D:6      | Reached skill level 6 in Unarmed Combat
  7198 | D:6      | Reached skill level 5 in Fighting
  7593 | D:6      | Reached skill level 1 in Shields
  7869 | D:7      | Reached skill level 5 in Dodging
  8617 | D:7      | Reached XP level 9. HP: 72/74 MP: 11/11
  8850 | D:7      | Reached skill level 7 in Unarmed Combat
  9449 | D:8      | Reached skill level 8 in Unarmed Combat
 11330 | D:9      | Noticed Harold
 11368 | D:9      | Killed Harold
 11369 | D:9      | Reached XP level 10. HP: 33/84 MP: 13/13
 11630 | D:9      | Noticed Prince Ribbit
 11648 | D:9      | Killed Prince Ribbit
 11649 | D:9      | Reached skill level 9 in Unarmed Combat
 11824 | D:9      | Identified the ring "Nyse" {rC++ EV+4 Stlth-}
 12379 | D:10     | Entered Level 10 of the Dungeon
 12809 | D:10     | Found a staircase to the Lair.
 13416 | D:11     | Reached skill level 5 in Armour
 13420 | D:11     | Noticed Erica
 13454 | D:11     | Killed Erica
 13645 | D:11     | Noticed a two-headed ogre
 13659 | D:11     | Killed a two-headed ogre
 13660 | D:11     | Reached skill level 10 in Unarmed Combat
 14083 | D:11     | Found a staircase to the Orcish Mines.
 14169 | D:11     | Reached XP level 11. HP: 89/92 MP: 14/14
 14891 | D:12     | Noticed a tengu warrior
 14968 | Lair:1   | Entered Level 1 of the Lair of Beasts
 15083 | Lair:1   | Noticed Sonja
 15095 | Lair:1   | Noticed Sonja
 15102 | Lair:1   | Killed Sonja the fire bat
 15646 | Lair:1   | Reached skill level 11 in Unarmed Combat
 16160 | Lair:1   | Noticed Joseph
 16184 | Lair:1   | Killed Joseph
 16300 | Lair:1   | Got the Papyrus of Confrontation and Sinister Secrets
 16420 | Lair:1   | Noticed Gastronok
 16515 | Lair:1   | Killed from afar by Gastronok

Illustrated notes

Levels and vault maps discovered:
D:1:      onia_arrival_handbag, layout_basic,
          ebering_ecumenical_altar_petrified, minmay_misc_feat_four_crosses
D:2:      layout_basic, roderic_st_hans_cross, uniq_robin
D:3:      layout_basic, portal_sewer_entry_b, serial_shops, shop, shop, shop,
          shop, nicolae_shop_competitors_out_of_business,
          minmay_misc_feat_square, uniq_ijyb
D:4:      layout_loops_cross, minivault_11
D:5:      layout_rooms, minmay_temple_entry_arrows
D:6:      layout_gridville
D:7:      layout_gridville, tso_metal_star, minivault_14
D:8:      layout_loops_corners, minmay_misc_feat_room, nicolae_benzene_ring
D:9:      layout_roguey, serial_glass, glass_columns_b, glass_columns_b,
          kennysheep_small_circle, uniq_harold, uniq_prince_ribbit1
D:10:     layout_roguey, david_lair_generic
D:11:     layout_basic, uniq_erica
D:12:     layout_cave_pools, kb_tengu_band
Lair:1:   layout_chaotic_city, grunt_megastairs_1, uniq_gastronok, uniq_joseph,
          uniq_sonja

Skill      XL: |  1  2  3  4  5  6  7  8  9 10 11 |
---------------+----------------------------------+-----
Dodging        | 1 2 3 4 5 6 7 8 |  8.3
Fighting       | 2 3 4 5 6 7 8 |  8.4
Unarmed Combat | 1 2 3 4 5 6 8 10 11 | 11.5
Armour         | 1 2 3 4 5 6 |  6.6
Shields        | 1 4 |  4.0
Short Blades   | |  1.7
Throwing       | |  1.7
Stealth        | |  3.6

Action                   |  1- 3 |  4- 6 |  7- 9 | 10-12 || total
-------------------------+-------+-------+-------+-------++-------
Melee: Dagger            |    59 |       |       |       ||    59
       Unarmed           |    66 |   284 |   656 |   593 ||  1599
       Punch             |       |     4 |    10 |       ||    14
Throw: Dart              |   101 |   155 |    87 |   113 ||   456
       Throwing net      |       |       |     1 |       ||     1
Evoke: Wand              |       |       |    11 |    12 ||    23
  Use: Scroll            |     4 |     8 |     4 |     7 ||    23
       Potion            |     1 |     1 |     5 |    10 ||    17
 Stab: Held in net/web   |       |       |     3 |       ||     3
       Invisible         |       |       |       |     4 ||     4
       Distracted        |       |       |       |     1 ||     1
Armor: Scale mail        |    70 |   181 |   226 |       ||   477
       Skin              |    26 |     6 |     7 |       ||    39
       Acid dragon scale |       |       |    34 |   106 ||   140
Dodge: Dodged            |    58 |   188 |   361 |   463 ||  1070
Block: Buckler           |       |       |   131 |   173 ||   304

Table legend: (Time is in decaauts)
 A = Elapsed time spent in this place.
 B = Non-inter-level travel time spent in this place.
 C = Inter-level travel time spent in this place.
 D = Time resting spent in this place.
 E = Time spent auto-exploring this place.
 F = Levels seen in this place.
 G = Mean time per level.
                   A        B        C        D        E       F      G
               +--------+--------+--------+--------+--------+-----+--------+
         Total |  16333 |  16125 |    208 |    623 |  12251 |  14 | 1166.6 |
       Dungeon |  14251 |  14044 |    207 |    586 |  10789 |  12 | 1187.6 |
          Lair |   1479 |   1479 |      0 |     35 |   1064 |   1 | 1479.0 |
         Sewer |    602 |    602 |      0 |      2 |    398 |   1 |  602.0 |
               +--------+--------+--------+--------+--------+-----+--------+

Top non-repeatable levels by time:
     D:6: 1962 daAuts
     D:9: 1688 daAuts
     D:8: 1615 daAuts
  Lair:1: 1479 daAuts
    D:11: 1411 daAuts
     D:2: 1236 daAuts
     D:7: 1160 daAuts
     D:3: 1093 daAuts
     D:4: 1091 daAuts
     D:1: 1088 daAuts
    D:10: 1040 daAuts
     D:5: 760 daAuts
   Sewer: 602 daAuts
    D:12: 101 daAuts
